Map: Новое противостояние РВ

Players

Vanya - Winner!

  • Race: Zerg Zerg
  • Spawn Location: 7:00

MODEUS

  • Race: Terran Terran
  • Spawn Location: 1:00

Event: 2019 WCS Summer

VOD

Have the link to the VOD?

Description

Time

  • Played on: July 12, 2019, 7:56 a.m.
  • Length: 7:03

All games in this series

Show
View Real Time Build Order
Export as new Build Order

Vanya Zerg - Winner!

Build Orders: Hatch First 

Get SALT Encoding   

  12  0:00  Drone  
  13  0:13  Overlord  
  13  0:16  Drone  
  14  0:32  Drone x2  
  16  0:49  Hatchery  
  15  0:51  Drone  
  15  0:55  Drone  
  17  0:58  Drone  
  18  1:09  Extractor  
  17  1:13  Spawning Pool  
  16  1:18  Drone  
  16  1:20  Drone  
  18  1:29  Drone  
  19  1:40  Drone  
  20  1:51  Drone  
  21  2:01  Queen x2  
  21  2:02  Zergling x4  
  27  2:16  Hatchery  
  27  2:21  Overlord  
  26  2:29  Drone  
  27  2:31  Drone  
  27  2:32  Metabolic Boost  
  28  2:40  Drone x2  
  30  2:45  Queen  
  32  2:51  Overlord  
  32  2:53  Drone  
  32  2:56  Drone  
  32  2:58  Drone  
  35  3:02  Overlord  
  35  3:07  Drone  
  35  3:11  Drone x2  
  35  3:12  Drone  
  39  3:17  Drone x2  
  41  3:22  Queen  
  41  3:26  Zergling x2  
  44  3:27  Drone  
  44  3:30  Drone  
  44  3:34  Queen  
  46  3:36  Drone  
  49  3:43  Lair  
  49  3:44  Drone  
  49  3:47  Drone  
  51  3:49  Zergling x4  
  51  3:50  Drone  
  51  3:55  Drone x2  
  56  3:58  Overlord  
  56  4:02  Queen  
  58  4:10  Overlord  
  58  4:14  Overlord  
  58  4:18  Drone, Extractor  
  58  4:19  Drone, Extractor, Roach Warren  
  58  4:20  Drone  
  57  4:27  Drone  
  57  4:28  Drone  
  57  4:30  Drone  
  56  4:31  Drone  
  56  4:33  Drone x3  
  56  4:34  Drone  
  61  4:44  Overseer  
  61  4:47  Queen  
  61  4:48  Queen  
  61  4:52  Nydus Network  
  64  4:55  Overseer  
  64  4:58  Zergling x14  
  67  5:08  Roach  
  67  5:09  Roach x2  
  67  5:10  Overlord  
  73  5:14  Overlord  
  73  5:17  Overlord  
  73  5:22  Zergling x2  
  74  5:29  Roach x2  
  74  5:31  Overlord  
  74  5:32  Roach  
  74  5:33  Roach x3  
  74  5:34  Roach  
  88  5:41  Roach  
  90  5:43  Overlord  
  90  5:46  Nydus Canal  
  90  5:48  Queen  
  90  5:49  Zergling x2, Roach  
  93  5:50  Zergling x2  
  90  5:58  Zergling x2, Roach  
  90  5:59  Zergling x2  
  90  6:02  Queen  
  87  6:05  Zergling x2, Roach  
  87  6:10  Zergling x2  
  88  6:15  Zergling x2  
  88  6:17  Zergling x2  
  86  6:19  Zergling x2, Nydus Canal  
  84  6:27  Zergling x2, Roach  
  84  6:31  Zergling x2  
  88  6:37  Zergling x2  
  88  6:39  Zergling x2  
  89  6:42  Zergling x2  
Show
View Real Time Build Order
Export as new Build Order

MODEUS Terran 

Build Orders: Reaper Expand 

Get SALT Encoding   

  12  0:00  SCV  
  13  0:13  SCV  
  14  0:17  Supply Depot  
  14  0:25  SCV  
  15  0:38  SCV  
  15  0:40  Barracks  
  16  0:44  Refinery  
  16  0:50  SCV  
  17  1:03  SCV  
  18  1:15  SCV  
  19  1:27  Orbital Command, Reaper  
  20  1:44  Command Center  
  19  1:55  SCV  
  21  2:01  Supply Depot  
  21  2:07  Factory  
  20  2:10  SCV  
  21  2:15  Refinery  
  21  2:21  Barracks Reactor  
  22  2:22  SCV  
  22  2:35  SCV  
  23  2:47  SCV  
  24  2:56  Orbital Command  
  24  2:57  Starport  
  23  3:00  SCV  
  23  3:02  Hellion x2  
  23  3:05  Barracks Tech Lab  
  28  3:13  SCV  
  29  3:22  SCV  
  29  3:24  Hellion x2  
  29  3:25  SCV  
  35  3:34  SCV  
  36  3:38  SCV  
  36  3:39  Viking  
  39  3:44  Fusion Core  
  39  3:46  SCV  
  40  3:49  Supply Depot  
  40  3:50  SCV  
  41  3:56  Barracks Tech Lab  
  41  3:58  SCV  
  43  4:02  SCV  
  43  4:03  Supply Depot  
  43  4:07  Hellion  
  45  4:10  SCV  
  45  4:11  Hellion  
  45  4:15  SCV, Supply Depot  
  49  4:23  SCV  
  50  4:27  SCV  
  49  4:35  SCV  
  49  4:36  Battlecruiser  
  54  4:39  SCV  
  54  4:41  Refinery  
  54  4:42  Refinery  
  55  4:47  SCV  
  55  4:51  SCV  
  57  4:55  Supply Depot  
  57  4:56  Supply Depot  
  57  4:57  Hellion x2  
  57  4:59  SCV  
  62  5:03  SCV  
  62  5:06  Starport  
  61  5:11  SCV  
  62  5:16  SCV, Supply Depot  
  63  5:23  SCV  
  64  5:29  Command Center  
  64  5:40  Battlecruiser, Supply Depot  
  70  5:44  SCV x2  
  67  5:57  Battlecruiser  
  72  6:10  Widow Mine x2  
  53  6:40  Hellion x2  
Tags
 
Add a new tag
Caveats
  • Supply blocks, unpowered buildings, or Contaminate may cause inaccurate times.
  • Supply counts are checked every 10 seconds.